 Dungeon Crawl Stone Soup version 0.30.1-4-g462c640d31 (webtiles) character file.

Game seed: 3388944234821171609

202 Peloso the Covered (level 5, -8/47 HPs)
             Began as a Minotaur Fighter on Aug 18, 2023.
             Was an Initiate of Okawaru.
             Mangled by Duvessa
             ... wielding a +0 short sword
              (11 damage)
             ... on level 4 of the Dungeon.
             The game lasted 00:05:08 (3125 turns).

Peloso the Covered (Minotaur Fighter)               Turns: 3125, Time: 00:05:09

Health: -8/47      AC:  9    Str: 20    XL:     5   Next: 50%
Magic:  4/4        EV:  8    Int:  5    God:    Okawaru [......]
Gold:   140        SH:  5    Dex: 12    Spells: 4/4 levels left

rFire   . . .        a - +0 long sword
rCold   . . .        d - +0 buckler
rNeg    . . .        c - +0 chain mail
rPois   .            (helmet restricted)
rElec   .            (no cloak)
rCorr   .            (no gloves)
SInv    .            (no boots)
Will    .....        (no amulet) Stlth
                     (no ring)
HPRegen 0.27/turn    (no ring)
MPRegen 0.09/turn

%: no passive effects
@: mighty, invisible
A: horns 2, retaliatory headbutt
a: Renounce Religion


You were on level 4 of the Dungeon.
You worshipped Okawaru.
Okawaru was noncommittal.
You visited 1 branch of the dungeon, and saw 4 of its levels.

You collected 140 gold pieces.

Inventory:

Hand Weapons
 a - a +0 long sword (weapon)
 b - a +1 hand axe of flaming
Armour
 c - a +0 chain mail (worn)
 d - a +0 buckler (worn)
Scrolls
 f - a scroll of blinking
 k - a scroll of fog {unknown}
 l - a scroll of acquirement {unknown}
 n - a scroll of enchant armour {unknown}
 o - a scroll of identify
 p - a scroll of magic mapping {unknown}
Potions
 e - a potion of curing
 g - a potion of heal wounds {unknown}
 h - a potion of mutation {unknown}
 m - a potion of haste {unknown}


   Skills:
 + Level 4.4 Fighting
 + Level 4.2 Long Blades
 + Level 5.1 Armour
 + Level 1.3 Dodging
 + Level 4.5 Shields


You had 4 spell levels left.
You didn't know any spells.
Your spell library contained the following spells:

 Spells                   Type           Power      Damage    Failure   Level
 Portal Projectile        Hex/Tloc       0%         N/A       100%        3
 Vhi's Electric Charge    Tloc/Air       0%         N/A       100%        3
 Passage of Golubria      Tloc           0%         N/A       100%        4
 Arcjolt                  Conj/Air       0%         1d10      100%        5
 Blade Hands              Tmut           0%         N/A       100%        5
 Yara's Violent Unravell  Hex/Tmut       0%         3d3       100%        5
 Maxwell's Capacitive Co  Air            0%         ∞         100%        8
 Tukima's Dance           Hex            Unusable   N/A       N/A         3

Dungeon Overview and Level Annotations

Branches:
Dungeon (4/15)
 Temple: D:4-7

Altars:
Fedhas
Okawaru
Sif Muna
Uskayaw
Vehumet
Wu Jian

Annotations:
D:4 Duvessa


Innate Abilities, Weirdness & Mutations

You have a pair of horns on your head.
You reflexively headbutt those who attack you in melee.


Message History

There is a stone staircase leading down here.
Duvessa shouts!
Duvessa goes berserk!
You aren't carrying any items that you can evoke.
Unknown command.
You hear a shout!
Duvessa hits you with a +0 short sword!
You hit Duvessa but do no damage. Duvessa hits you with a +0 short sword!
You hit Duvessa but do no damage. Duvessa hits you with a +0 short sword!
* * * LOW HITPOINT WARNING * * *
Duvessa hits you but does no damage.
You hit Duvessa but do no damage. You block Duvessa's attack.
Duvessa hits you with a +0 short sword.
* * * LOW HITPOINT WARNING * * *
You fade into invisibility!
Duvessa closely misses you. Duvessa hits you with a +0 short sword!
* * * LOW HITPOINT WARNING * * *
You feel better. Duvessa hits you with a +0 short sword.
* * * LOW HITPOINT WARNING * * *
You feel very mighty all of a sudden. Duvessa barely misses you.
You furiously retaliate!
You headbutt Duvessa! Duvessa hits you with a +0 short sword.
* * * LOW HITPOINT WARNING * * *
You feel better. Duvessa hits you with a +0 short sword.
Unknown command.
You strike the helpless Duvessa from behind!
You hit Duvessa.
Duvessa is moderately wounded.
Duvessa barely misses you. You furiously retaliate!
You headbutt Duvessa! Duvessa barely misses you. You furiously retaliate!
You headbutt Duvessa! You slash Duvessa! Your headbutt misses Duvessa.
Duvessa is almost dead.
Duvessa hits you with a +0 short sword!
* * * LOW HITPOINT WARNING * * *
Duvessa hits you with a +0 short sword.
* * * LOW HITPOINT WARNING * * *
You hit Duvessa.
Duvessa is almost dead.
Duvessa hits you with a +0 short sword!
You die...

.....##..........##...###
..†[.##..........##..##
###..##....##....##.##
............#....##.########
............#..............#
......e.....#..............#
.......!.##.'..............#
.........####÷..e##........#
.........# #...@##.........
.........# #..>.##.........
.........# #...........$...
.........# #....#..........
.........# #.............
#...##........
######......## ..=.....#
....#....


You could see Duvessa (berserk, unable to see you).

Vanquished Creatures
  Dowan (D:4)
  A jelly (D:4)
  A sleepcap (D:4)
  2 adders
  2 worms
  A dart slug (D:2)
  4 orcs (D:4)
  7 endoplasms
  3 giant cockroaches
  4 goblins
  5 hobgoblins
  6 jackals
  6 quokkas
  7 ball pythons
  2 bats
  2 frilled lizards (D:2)
  6 kobolds
  4 rats
64 creatures vanquished.

Notes
Turn   | Place    | Note
-------+----------+-------------------------------------------
     0 | D:1      | Peloso the Minotaur Fighter began the quest for the Orb.
     0 | D:1      | Reached XP level 1. HP: 19/19 MP: 0/0
   172 | D:1      | Reached skill level 4 in Armour
   187 | D:1      | Reached XP level 2. HP: 27/27 MP: 1/1
   257 | D:1      | Found a faded altar of an unknown god.
  1045 | D:2      | Reached XP level 3. HP: 33/33 MP: 2/2
  2000 | D:3      | Found an ornate altar of the Wu Jian Council.
  2251 | D:3      | Reached XP level 4. HP: 40/40 MP: 3/3
  2760 | D:4      | Reached skill level 1 in Dodging
  2805 | D:4      | Reached XP level 5. HP: 46/46 MP: 4/4
  2805 | D:4      | Found a radiant altar of Vehumet.
  2813 | D:4      | Found a hide-covered altar of Uskayaw.
  2818 | D:4      | Found a blossoming altar of Fedhas.
  2820 | D:4      | Found a shimmering blue altar of Sif Muna.
  2821 | D:4      | Found an iron altar of Okawaru.
  2829 | D:4      | Became a worshipper of Warmaster Okawaru
  2864 | D:4      | Noticed Dowan
  2864 | D:4      | Noticed Duvessa
  2940 | D:4      | Killed Dowan
  2941 | D:4      | Reached skill level 5 in Armour
  3125 | D:4      | Mangled by Duvessa

Illustrated notes

Levels and vault maps discovered:
D:1:      dpeg_arrival_chambers_temple_mockup, layout_loops_ring,
          dreamdust_ecumenical_altar_grove
D:2:      layout_basic
D:3:      layout_loops_ring, pdpol_wu_jian_five_deadly_venoms, serial_forest,
          infiniplex_forest_lined_corner, infiniplex_forest_side_room,
          infiniplex_forest_clump_curved, infiniplex_forest_straight_5,
          infiniplex_forest_lined_2, infiniplex_forest_clump_double
D:4:      layout_basic, grunt_temple_overflow_open, uniq_duvessa

Skill      XL: |  1  2  3  4  5 |
---------------+----------------+-----
Armour         | 4 5 |  5.1
Shields        | 4 |  4.5
Fighting       | 4 |  4.4
Long Blades    | 3 4 |  4.2
Dodging        | 1 |  1.3

Action                     |  1- 3 |  4- 6 || total
---------------------------+-------+-------++-------
  Melee: Long sword        |   181 |    49 ||   230
         Headbutt          |    28 |    10 ||    38
    Use: Potion            |     3 |     4 ||     7
         Scroll            |     4 |       ||     4
   Stab: Invisible         |       |     1 ||     1
 Armour: Scale mail        |    10 |       ||    10
         Chain mail        |    80 |    17 ||    97
  Dodge: Dodged            |    43 |    19 ||    62
  Block: Buckler           |    33 |    12 ||    45
